 Dungeon Crawl Stone Soup version 0.30.0-10-gfe55d96785 (webtiles) character file.

Game seed: 5129858224507802926

599 retardedninja the Firebug (level 7, -2/51 HPs)
             Began as a Gnoll Fire Elementalist on May 15, 2023.
             Slain by a water moccasin (3 damage)
             ... on level 5 of the Dungeon.
             The game lasted 00:05:43 (4898 turns).

retardedninja the Firebug (Gnoll Fire Elementalist) Turns: 4898, Time: 00:05:43

Health: -2/51      AC:  3    Str:  8    XL:     7   Next: 41%
Magic:  13/15      EV: 13    Int: 16    God:
Gold:   345        SH:  0    Dex: 12    Spells: 14/17 levels left

rFire   . . .        k - +0 halberd
rCold   . . .        (shield currently unavailable)
rNeg    . . .        a - +0 robe
rPois   .            (no helmet)
rElec   .            (no cloak)
rCorr   .            (no gloves)
SInv    .            m - +0 pair of boots
Will    .....        (no amulet)
Stlth   +++          (no ring)
HPRegen 0.28/turn    (no ring)
MPRegen 0.14/turn

%: no passive effects
@: lethally poisoned (-2 -> -15)
A: fangs 1, strong nose, distributed training
a: no special abilities


You were on level 5 of the Dungeon.
You visited 2 branches of the dungeon, and saw 6 of its levels.

You collected 345 gold pieces.

Inventory:

Hand Weapons
 k - a +0 halberd (weapon)
Armour
 a - a +0 robe (worn)
 m - a +0 pair of boots (worn)
Scrolls
 c - 2 scrolls of vulnerability {unknown}
 d - 2 scrolls of amnesia {unknown}
 f - 3 scrolls of fear
 g - a scroll of magic mapping {unknown}
 o - a scroll of poison {unknown}
Potions
 b - a potion of magic
 e - 2 potions of curing
 h - a potion of might {unknown}
 i - 4 potions of mutation
 j - a potion of haste {unknown}
 l - 2 potions of flight
 n - a potion of berserk rage {unknown}


   Skills:
 + Level 2.5 Fighting
 + Level 2.5 Short Blades
 + Level 2.5 Long Blades
 + Level 2.5 Axes
 + Level 2.5 Maces & Flails
 + Level 2.5 Polearms
 + Level 2.5 Staves
 + Level 2.5 Ranged Weapons
 + Level 2.5 Throwing
 + Level 2.5 Armour
 + Level 5.3 Dodging
 + Level 4.9 Stealth
 + Level 2.5 Shields
 + Level 2.5 Unarmed Combat
 + Level 5.6 Spellcasting
 + Level 3.0 Conjurations
 + Level 2.1 Hexes
 + Level 2.1 Summonings
 + Level 2.1 Necromancy
 + Level 2.1 Translocations
 + Level 2.1 Transmutations
 + Level 5.8 Fire Magic
 + Level 2.1 Ice Magic
 + Level 2.1 Air Magic
 + Level 2.1 Earth Magic
 + Level 2.1 Poison Magic
 + Level 2.8 Invocations
 + Level 2.5 Evocations


You had 14 spell levels left.
You knew the following spells:

 Your Spells              Type           Power      Damage    Failure   Level
a - Foxfire               Conj/Fire      72%        2x1d7     2%          1
b - Scorch                Fire           46%        2d6       1%          2

Your spell library contained the following spells:

 Spells                   Type           Power      Damage    Failure   Level
 Inner Flame              Hex/Fire       17%        N/A       9%          3
 Volatile Blastmotes      Fire/Tloc      34%        2d12      9%          3
 Flame Wave               Conj/Fire      18%        2d7       22%         4


Dungeon Overview and Level Annotations

Branches:
Dungeon (5/15)             Temple (1/1) D:4

Altars:
Dithmenos
Elyvilon
Hepliaklqana
Ru
Sif Muna
Vehumet
Yredelemnul
Zin

Shops:
D:1 [   D:2 =![(

Annotations:
D:5 2 runed translucent doors


Innate Abilities, Weirdness & Mutations

You have very sharp teeth.
Your uncanny sense of smell can sniff out nearby items.
Your experience applies equally to all skills.


Message History

A water moccasin is nearby!
You conjure some foxfire!
The foxfire hits the water moccasin.
The water moccasin is lightly wounded.
The water moccasin hisses angrily.
The foxfire hits the water moccasin but does no damage.
The water moccasin is lightly wounded.
You conjure some foxfire!
The water moccasin bites you.
The foxfire hits the water moccasin!
The water moccasin is heavily wounded.
The foxfire hits the water moccasin.
The water moccasin is heavily wounded.
The water moccasin bites you.
You conjure some foxfire!
The water moccasin bites you.
You are poisoned.
The water moccasin poisons you! The water moccasin misses you.
You feel very sick.
The foxfire hits the water moccasin.
The water moccasin is heavily wounded.
The foxfire hits the water moccasin but does no damage.
The water moccasin is heavily wounded.
The water moccasin bites you.
You are too injured to fight recklessly!
You feel sick. The water moccasin bites you!
You are too injured to fight recklessly!
You feel sick. The water moccasin bites you.
The water moccasin closely misses you.
You are too injured to fight recklessly!
You feel sick. The water moccasin bites you.
* * * LOW HITPOINT WARNING * * *
You are lethally poisoned!
The water moccasin poisons you!
Unknown command.
You are too injured to fight recklessly!
* * * LOW HITPOINT WARNING * * *
You feel very sick. The water moccasin bites you.
* * * LOW HITPOINT WARNING * * *
The water moccasin bites you.
You die...

.# .# .#
#### .#
...## .#.#
...#.#.#
##S..#.####
#..@......#
#.#.##.##..
# #.##<#
#..#.# #.#
#.###...#
#.#
#.#)#..##
...
#..#+#..#
#.#
#.##.##.##
#.#
..#.yy#..##
#.#


You could see a water moccasin.

Vanquished Creatures
  Eustachio (D:4)
  2 scorpions (D:5)
  3 orc priests
  An iguana (D:4)
  2 orc wizards
  4 gnolls
  2 adders
  A worm (D:2)
  2 dart slugs
  17 orcs
  9 ball pythons
  8 endoplasms
  2 giant cockroaches (D:3)
  10 goblins
  7 hobgoblins
  4 quokkas
  5 bats
  6 frilled lizards
  3 kobolds
  4 rats
93 creatures vanquished.

Vanquished Creatures (collateral kills)
  A foxfire (D:4)
1 creature vanquished.

Vanquished Creatures (others)
  374 foxfires
374 creatures vanquished.

Grand Total: 468 creatures vanquished

Notes
Turn   | Place    | Note
-------+----------+-------------------------------------------
     0 | D:1      | retardedninja the Gnoll Fire Elementalist began the quest
                  | for the Orb.
     0 | D:1      | Reached XP level 1. HP: 13/13 MP: 6/6
   300 | D:1      | Reached XP level 2. HP: 19/19 MP: 3/7
   764 | D:1      | Found Qair's Armour Shoppe.
  1028 | D:1      | Learned a level 2 spell: Scorch
  1036 | D:2      | Reached skill level 5 in Spellcasting
  1036 | D:2      | Reached XP level 3. HP: 25/25 MP: 5/9
  1220 | D:2      | Found Xoolosaxt's Antique Armour Shop.
  1277 | D:2      | Reached skill level 1 in Invocations
  1283 | D:2      | Reached skill level 1 in Fighting
  1283 | D:2      | Reached skill level 1 in Short Blades
  1283 | D:2      | Reached skill level 1 in Long Blades
  1283 | D:2      | Reached skill level 1 in Axes
  1283 | D:2      | Reached skill level 1 in Maces & Flails
  1283 | D:2      | Reached skill level 1 in Polearms
  1283 | D:2      | Reached skill level 1 in Staves
  1283 | D:2      | Reached skill level 1 in Ranged Weapons
  1283 | D:2      | Reached skill level 1 in Throwing
  1283 | D:2      | Reached skill level 1 in Armour
  1283 | D:2      | Reached skill level 1 in Shields
  1283 | D:2      | Reached skill level 1 in Unarmed Combat
  1283 | D:2      | Reached skill level 1 in Evocations
  1415 | D:1      | Reached XP level 4. HP: 6/32 MP: 3/11
  1751 | D:2      | Found Zutuxkoi's Jewellery Shop.
  1882 | D:2      | Found Tatheism's Distillery.
  1946 | D:2      | Reached skill level 1 in Hexes
  1946 | D:2      | Reached skill level 1 in Summonings
  1946 | D:2      | Reached skill level 1 in Necromancy
  1946 | D:2      | Reached skill level 1 in Translocations
  1946 | D:2      | Reached skill level 1 in Transmutations
  1946 | D:2      | Reached skill level 1 in Ice Magic
  1946 | D:2      | Reached skill level 1 in Air Magic
  1946 | D:2      | Reached skill level 1 in Earth Magic
  1946 | D:2      | Reached skill level 1 in Poison Magic
  2406 | D:2      | Found Ogoraot's Weapon Shop.
  2822 | D:3      | Reached XP level 5. HP: 37/37 MP: 3/12
  4010 | D:4      | Found a staircase to the Ecumenical Temple.
  4027 | Temple   | Entered the Ecumenical Temple
  4073 | D:4      | Found a white marble altar of Elyvilon.
  4086 | D:4      | Reached XP level 6. HP: 44/44 MP: 9/14
  4135 | D:4      | Reached skill level 5 in Dodging
  4311 | D:4      | Noticed Eustachio
  4321 | D:4      | Killed Eustachio
  4322 | D:4      | Reached XP level 7. HP: 50/50 MP: 4/15
  4758 | D:5      | Entered Level 5 of the Dungeon
  4867 | D:5      | Noticed a redback
  4869 | D:5      | Found a runed translucent gate.
  4870 | D:5      | Noticed a redback
  4870 | D:5      | Noticed a redback
  4870 | D:5      | Found the +9 staff of Olgreb {rPois∞}
  4877 | D:5      | Found a runed translucent door.
  4898 | D:5      | HP: 1/51 [water moccasin (4)]
  4898 | D:5      | Slain by a water moccasin

Illustrated notes

Levels and vault maps discovered:
D:1:      saegor_arrival_simple_c, layout_rooms, serial_shops, shop,
          kennysheep_nondescript, minmay_misc_feat_ornament
D:2:      layout_basic, serial_shops, nicolae_shop_tiny_statue_garden,
          nicolae_shop_scrapyard, shop, shop
D:3:      layout_loops_ring
D:4:      layout_rooms, elyvilon_altar_1, minmay_temple_entry_trees,
          uniq_eustachio
D:5:      minmay_chambers_of_threes, layout_loops_ring,
          mainiacjoe_overflow_small_starburst,
          minmay_guarded_unrand_staff_of_olgreb
Temple:   hellmonk_temple_two_chambers

Skill      XL: |  1  2  3  4  5  6  7 |
---------------+----------------------+-----
Conjurations   | 2 3 |  3.0
Spellcasting   | 5 |  5.6
Invocations    | 1 2 |  2.8
Fighting       | 1 2 |  2.5
Short Blades   | 1 2 |  2.5
Long Blades    | 1 2 |  2.5
Axes           | 1 2 |  2.5
Maces & Flails | 1 2 |  2.5
Polearms       | 1 2 |  2.5
Staves         | 1 2 |  2.5
Ranged Weapons | 1 2 |  2.5
Throwing       | 1 2 |  2.5
Armour         | 1 2 |  2.5
Shields        | 1 2 |  2.5
Unarmed Combat | 1 2 |  2.5
Evocations     | 1 2 |  2.5
Hexes          | 1 2 |  2.1
Summonings     | 1 2 |  2.1
Necromancy     | 1 2 |  2.1
Translocations | 1 2 |  2.1
Transmutations | 1 2 |  2.1
Ice Magic      | 1 2 |  2.1
Air Magic      | 1 2 |  2.1
Earth Magic    | 1 2 |  2.1
Poison Magic   | 1 2 |  2.1
Dodging        | 5 |  5.3
Stealth        | |  4.9
Fire Magic     | |  5.8

Action                     |  1- 3 |  4- 6 |  7- 9 || total
---------------------------+-------+-------+-------++-------
  Melee: Mace              |     1 |       |       ||     1
         Flail             |       |     2 |       ||     2
         Halberd           |       |     6 |       ||     6
         Bite              |       |     1 |       ||     1
   Cast: Foxfire           |    91 |   113 |    30 ||   234
         Scorch            |     5 |    26 |       ||    31
    Use: Scroll            |       |       |     4 ||     4
 Armour: Robe              |     3 |     6 |     3 ||    12
  Dodge: Dodged            |    13 |    35 |    11 ||    59
